| TOP OF THE 1ST |
|
Boston (CL) Braves batting - Pitching for Pittsburgh Pirates : LHP Barry Zito
|
|
Pitching: LHP Barry Zito
|
|
|
Batting: LHB Lloyd Moseby
|
0-0: Foul Ball, location: 2F 0-1: Called Strike 0-2: Ground out 4-3 (Groundball, 4, EV 78.8 MPH)
|
|
Batting: LHB Reggie Jackson
|
0-0: Ball 1-0: Ground out 6-3 (Groundball, 4M, EV 103.1 MPH)
|
|
Batting: RHB Gene Freese
|
0-0: Ball 1-0: Ball 2-0: Called Strike 2-1: SINGLE (Line Drive, 89M, EV 100.0 MPH)
|
|
Batting: LHB Ken Phelps
|
0-0: SINGLE (Groundball, 34D, EV 95.0 MPH) Gene Freese to second Runner from 2nd tries for 3rd, SAFE, throw by RF made to third
|
|
Batting: LHB Sandy Amoros
|
0-0: Ball 1-0: Foul Ball, location: 2F 1-1: Ball 2-1: Ball 3-1: Base on Balls Ken Phelps to second
|
|
Batting: LHB Larry Doyle
|
0-0: Fly out, F8 (Flyball, 8RXD, EV 105.0 MPH)
|
| Top of the 1st over - 0 runs, 2 hits, 0 errors, 3 left on base; Boston (CL) 0 - Pittsburgh 0 |
| BOTTOM OF THE 1ST |
|
Pittsburgh Pirates batting - Pitching for Boston (CL) Braves : RHP Phil Ortega
|
|
Pitching: RHP Phil Ortega
|
|
|
Batting: LHB Moose McCormick
|
0-0: Fly out, F8 (Line Drive, 8LM, EV 98.1 MPH)
|
|
Batting: RHB Creepy Crespi
|
0-0: Called Strike 0-1: Foul Ball, location: 2F 0-2: Fly out, F8 (Flyball, 8LM, EV 85.0 MPH)
|
|
Batting: LHB Johnny Mize
|
0-0: Ball 1-0: Ball 2-0: Ball 3-0: Called Strike 3-1: Foul Ball, location: 2F 3-2: SOLO HOME RUN (Line Drive, 7D, EV 100.6 MPH), Distance : 392 ft
|
|
Batting: LHB Tommy Griffith
|
0-0: Foul Ball, location: 2F 0-1: Foul Ball, location: 2F 0-2: Ball 1-2: Fly out, F9 (Line Drive, 9, EV 110.0 MPH)
|
| Bottom of the 1st over - 1 run, 1 hit, 0 errors, 0 left on base; Boston (CL) 0 - Pittsburgh 1 |
| TOP OF THE 2ND |
|
Boston (CL) Braves batting - Pitching for Pittsburgh Pirates : LHP Barry Zito
|
|
Batting: RHB Hensley Meulens
|
0-0: Called Strike 0-1: Ground out 4-3 (Groundball, 34, EV 85.0 MPH)
|
|
Batting: LHB Ernie Whitt
|
0-0: Ball 1-0: Foul Ball, location: 2F 1-1: Ball 2-1: Ball 3-1: Base on Balls
|
|
Batting: RHB Phil Ortega
|
0-0: Bunted foul 0-1: Sac Bunt to 5S - play at first, batter OUT! 5-4 Ernie Whitt to second
|
|
Batting: LHB Lloyd Moseby
|
0-0: Ball 1-0: Ball 2-0: Foul Ball, location: 2F 2-1: Foul Ball, location: 2F 2-2: Ball 3-2: Base on Balls
|
|
Batting: LHB Reggie Jackson
|
0-0: Foul Ball, location: 2F 0-1: Ball 1-1: Fly out, F6 (Popup, 6MS, EV 80.0 MPH)
|
| Top of the 2nd over - 0 runs, 0 hits, 0 errors, 2 left on base; Boston (CL) 0 - Pittsburgh 1 |
| BOTTOM OF THE 2ND |
|
Pittsburgh Pirates batting - Pitching for Boston (CL) Braves : RHP Phil Ortega
|
|
Batting: RHB Juan Uribe
|
0-0: Ball 1-0: Ball 2-0: Ball 3-0: Called Strike 3-1: Ground out U3 (Groundball, 34S, EV 85.0 MPH)
|
|
Batting: RHB Walker Cooper
|
0-0: Ball 1-0: Foul Ball, location: 2F 1-1: Foul Ball, location: 2F 1-2: SINGLE (Flyball, 4D, EV 96.3 MPH)
|
|
Batting: RHB Billy Sample
|
0-0: Called Strike 0-1: Foul Ball, location: 2F 0-2: Strikes out looking
|
|
Batting: RHB Mike Lowell
|
0-0: Called Strike 0-1: Called Strike 0-2: Ball 1-2: Ball 2-2: Ground out 5-3 (Groundball, 56S, EV 71.3 MPH)
|
| Bottom of the 2nd over - 0 runs, 1 hit, 0 errors, 1 left on base; Boston (CL) 0 - Pittsburgh 1 |
| TOP OF THE 3RD |
|
Boston (CL) Braves batting - Pitching for Pittsburgh Pirates : LHP Barry Zito
|
|
Batting: RHB Gene Freese
|
0-0: Ball 1-0: SINGLE (Line Drive, 89M, EV 98.1 MPH)
|
|
Batting: LHB Ken Phelps
|
0-0: Ball 1-0: Ball 2-0: Foul Ball, location: 2F 2-1: Fly out, F7 (Flyball, 7, EV 88.8 MPH)
|
|
Batting: LHB Sandy Amoros
|
0-0: Swinging Strike 0-1: Ball 1-1: Foul Ball, location: 2F 1-2: Fielders Choice at 2nd, 3-6 (Groundball, 34S, EV 78.1 MPH)
|
|
Batting: LHB Larry Doyle
|
0-0: Ball 1-0: Swinging Strike 1-1: Ball 2-1: Ball 3-1: 2-RUN HOME RUN (Line Drive, 89XD, EV 106.9 MPH), Distance : 425 ft
|
|
Batting: RHB Hensley Meulens
|
0-0: SINGLE (Flyball, 8RS, EV 95.6 MPH)
|
|
Batting: LHB Ernie Whitt
|
0-0: Ball 1-0: Swinging Strike 1-1: Ball 2-1: Called Strike 2-2: Strikes out swinging
|
| Top of the 3rd over - 2 runs, 3 hits, 0 errors, 1 left on base; Boston (CL) 2 - Pittsburgh 1 |
| BOTTOM OF THE 3RD |
|
Pittsburgh Pirates batting - Pitching for Boston (CL) Braves : RHP Phil Ortega
|
|
Batting: LHB Barry Zito
|
0-0: Ball 1-0: Ground out 4-3 (Groundball, 4M, EV 81.3 MPH)
|
|
Batting: LHB Moose McCormick
|
0-0: Called Strike 0-1: SINGLE (Flyball, 8LS, EV 91.3 MPH)
|
|
Batting: RHB Creepy Crespi
|
0-0: Swinging Strike 0-1: 2-RUN HOME RUN (Line Drive, 78XD, EV 101.9 MPH), Distance : 398 ft
|
|
Batting: LHB Johnny Mize
|
0-0: Ball 1-0: SOLO HOME RUN (Flyball, 78XD, EV 105.6 MPH), Distance : 390 ft
|
|
Batting: LHB Tommy Griffith
|
0-0: Ball 1-0: Swinging Strike 1-1: Swinging Strike 1-2: Foul Ball, location: 2F 1-2: Foul Ball, location: 2F 1-2: Ball 2-2: Strikes out swinging
|
|
Batting: RHB Juan Uribe
|
0-0: Ball 1-0: Fly out, F3 (Popup, 3SF, EV 84.4 MPH)
|
| Bottom of the 3rd over - 3 runs, 3 hits, 0 errors, 0 left on base; Boston (CL) 2 - Pittsburgh 4 |
| TOP OF THE 4TH |
|
Boston (CL) Braves batting - Pitching for Pittsburgh Pirates : LHP Barry Zito
|
|
Batting: RHB Phil Ortega
|
0-0: Called Strike 0-1: Ball 1-1: Ball 2-1: Foul Ball, location: 2F 2-2: Strikes out looking
|
|
Batting: LHB Lloyd Moseby
|
0-0: Ball 1-0: Foul Ball, location: 2F 1-1: Ball 2-1: Foul Ball, location: 2F 2-2: Strikes out swinging
|
|
Batting: LHB Reggie Jackson
|
0-0: Called Strike 0-1: Ball 1-1: Ball 2-1: Fly out, F9 (Flyball, 9S, EV 80.0 MPH)
|
| Top of the 4th over - 0 runs, 0 hits, 0 errors, 0 left on base; Boston (CL) 2 - Pittsburgh 4 |
| BOTTOM OF THE 4TH |
|
Pittsburgh Pirates batting - Pitching for Boston (CL) Braves : RHP Phil Ortega
|
|
Batting: RHB Walker Cooper
|
0-0: Called Strike 0-1: Ball 1-1: SINGLE (Groundball, 3D, EV 98.1 MPH)
|
|
Batting: RHB Billy Sample
|
0-0: Ground out 6-3 (Groundball, 56, EV 93.1 MPH) Walker Cooper to second
|
|
Batting: RHB Mike Lowell
|
0-0: Ball 1-0: Foul Ball, location: 2F 1-1: Ball 2-1: Foul Ball, location: 2F 2-2: Ball 3-2: Ground out 5-3 (Groundball, 5L, EV 96.3 MPH)
|
|
Batting: LHB Barry Zito
|
0-0: SINGLE (Line Drive, 56D, EV 100.0 MPH) Walker Cooper to third Runner from 3rd tries for Home, SAFE, throw by LF to home
|
|
Batting: LHB Moose McCormick
|
0-0: Called Strike 0-1: Ball 1-1: Foul Ball, location: 2F 1-2: Strikes out swinging
|
| Bottom of the 4th over - 1 run, 2 hits, 0 errors, 1 left on base; Boston (CL) 2 - Pittsburgh 5 |
| TOP OF THE 5TH |
|
Boston (CL) Braves batting - Pitching for Pittsburgh Pirates : LHP Barry Zito
|
|
Batting: RHB Gene Freese
|
0-0: Ground out 6-3 (Groundball, 56, EV 105.6 MPH)
|
|
Batting: LHB Ken Phelps
|
0-0: Foul Ball, location: 2F 0-1: Foul Ball, location: 2F 0-2: Ball 1-2: Foul Ball, location: 2F 1-2: Ball 2-2: Strikes out swinging
|
|
Batting: LHB Sandy Amoros
|
0-0: Called Strike 0-1: Ball 1-1: Ball 2-1: Ground out U3 (Groundball, 3, EV 83.1 MPH)
|
| Top of the 5th over - 0 runs, 0 hits, 0 errors, 0 left on base; Boston (CL) 2 - Pittsburgh 5 |
| BOTTOM OF THE 5TH |
|
Pittsburgh Pirates batting - Pitching for Boston (CL) Braves : RHP Phil Ortega
|
|
Batting: RHB Creepy Crespi
|
0-0: Foul Ball, location: 2F 0-1: Ball 1-1: Ball 2-1: Swinging Strike 2-2: Ground out 4-3 (Groundball, 4, EV 88.8 MPH)
|
|
Batting: LHB Johnny Mize
|
0-0: Called Strike 0-1: Ball 1-1: Ball 2-1: Foul Ball, location: 2F 2-2: Ball 3-2: Foul Ball, location: 2F 3-2: Foul Ball, location: 2F 3-2: Base on Balls
|
|
Batting: LHB Tommy Griffith
|
0-0: Called Strike 0-1: Swinging Strike 0-2: Ball 1-2: Ball 2-2: Reached on error, E4 (Groundball, 4, EV 88.1 MPH) Johnny Mize to second
|
|
Batting: RHB Juan Uribe
|
0-0: Foul Ball, location: 2F 0-1: Ball 1-1: Fly out, F9 (Flyball, 9, EV 84.4 MPH)
|
|
Batting: RHB Walker Cooper
|
0-0: Ball 1-0: Ball 2-0: 3-RUN HOME RUN (Flyball, 9D, EV 106.3 MPH), Distance : 383 ft
|
|
Pitching: LHP Martin Perez
|
|
|
Batting: RHB Billy Sample
|
0-0: Ball 1-0: Ball 2-0: Ground out 1-3 (Groundball, P, EV 68.8 MPH)
|
| Bottom of the 5th over - 3 runs, 1 hit, 1 error, 0 left on base; Boston (CL) 2 - Pittsburgh 8 |
| TOP OF THE 6TH |
|
Boston (CL) Braves batting - Pitching for Pittsburgh Pirates : LHP Barry Zito
|
|
Batting: LHB Larry Doyle
|
0-0: Ball 1-0: Ball 2-0: Ball 3-0: Called Strike 3-1: Base on Balls
|
|
Batting: RHB Hensley Meulens
|
0-0: Called Strike 0-1: Called Strike 0-2: SINGLE (Groundball, 6MD, EV 106.3 MPH) Larry Doyle to second Runner from 2nd tries for 3rd, SAFE, throw by CF made to third
|
|
Batting: LHB Ernie Whitt
|
0-0: Ball 1-0: Foul Ball, location: 2F 1-1: Ball 2-1: Grounds into double play, 4-6-3 (Groundball, 4, EV 105.0 MPH) Larry Doyle scores
|
|
Batting: LHB Martin Perez
|
0-0: Ball 1-0: Ground out 4-3 (Groundball, 4, EV 98.1 MPH)
|
| Top of the 6th over - 1 run, 1 hit, 0 errors, 0 left on base; Boston (CL) 3 - Pittsburgh 8 |
| BOTTOM OF THE 6TH |
|
Pittsburgh Pirates batting - Pitching for Boston (CL) Braves : LHP Martin Perez
|
|
Batting: RHB Mike Lowell
|
0-0: Ball 1-0: Ball 2-0: Ball 3-0: Called Strike 3-1: Foul Ball, location: 2F 3-2: Base on Balls
|
|
Batting: LHB Barry Zito
|
0-0: Ball 1-0: Bunted foul 1-1: Bunted foul 1-2: Sac Bunt to P - play at first, batter OUT! 1-4 Mike Lowell to second
|
|
Batting: LHB Moose McCormick
|
0-0: Called Strike 0-1: Ball 1-1: Ground out 6-3 (Groundball, 6M, EV 95.6 MPH) Mike Lowell to third
|
|
Batting: RHB Creepy Crespi
|
0-0: Called Strike 0-1: Ball 1-1: Foul Ball, location: 2F 1-2: Foul Ball, location: 2F 1-2: Ball 2-2: Ball 3-2: Base on Balls
|
|
Batting: LHB Johnny Mize
|
0-0: Swinging Strike 0-1: Ball 1-1: Ball 2-1: Foul Ball, location: 2F 2-2: SINGLE (Flyball, 89S, EV 95.6 MPH) Mike Lowell scores Creepy Crespi to second Runner from 2nd tries for 3rd, SAFE, throw by RF made to third
|
|
Batting: LHB Tommy Griffith
|
0-0: Ball 1-0: Foul Ball, location: 2F 1-1: Ground out U3 (Groundball, 34, EV 86.9 MPH)
|
| Bottom of the 6th over - 1 run, 1 hit, 0 errors, 2 left on base; Boston (CL) 3 - Pittsburgh 9 |
| TOP OF THE 7TH |
|
Boston (CL) Braves batting - Pitching for Pittsburgh Pirates : LHP Barry Zito
|
|
Batting: LHB Lloyd Moseby
|
0-0: Ground out U3 (Groundball, 34, EV 101.9 MPH)
|
|
Batting: LHB Reggie Jackson
|
0-0: Ball 1-0: Called Strike 1-1: Ball 2-1: Called Strike 2-2: Ball 3-2: SINGLE (Groundball, 15S, EV 66.3 MPH) (infield hit)
|
|
Batting: RHB Gene Freese
|
0-0: Ball 1-0: Grounds into double play, 3-6-1 (Groundball, 3, EV 76.9 MPH)
|
| Top of the 7th over - 0 runs, 1 hit, 0 errors, 0 left on base; Boston (CL) 3 - Pittsburgh 9 |
| BOTTOM OF THE 7TH |
|
Pittsburgh Pirates batting - Pitching for Boston (CL) Braves : LHP Martin Perez
|
|
Batting: RHB Juan Uribe
|
0-0: Ball 1-0: Foul Ball, location: 2F 1-1: Foul Ball, location: 2F 1-2: SINGLE (Line Drive, 9S, EV 105.0 MPH)
|
|
Batting: RHB Walker Cooper
|
0-0: Fly out, F8 (Flyball, 89M, EV 91.3 MPH)
|
|
Batting: RHB Billy Sample
|
0-0: Ball 1-0: SINGLE (Groundball, 34, EV 96.9 MPH) Juan Uribe to second Runner from 2nd tries for 3rd, OUT! 9-5 Billy Sample to second
|
|
Batting: RHB Mike Lowell
|
0-0: Called Strike 0-1: SINGLE (Flyball, 8LS, EV 85.6 MPH) - OUT at second base trying to stretch hit. Billy Sample scores
|
| Bottom of the 7th over - 1 run, 3 hits, 0 errors, 0 left on base; Boston (CL) 3 - Pittsburgh 10 |
| TOP OF THE 8TH |
|
Boston (CL) Braves batting - Pitching for Pittsburgh Pirates : LHP Barry Zito
|
|
Batting: LHB Ken Phelps
|
0-0: Called Strike 0-1: Foul Ball, location: 2F 0-2: Ball 1-2: Fly out, F8 (Flyball, 8LD, EV 90.6 MPH)
|
|
Batting: LHB Sandy Amoros
|
0-0: Fly out, F7 (Flyball, 7S, EV 86.9 MPH)
|
|
Batting: LHB Larry Doyle
|
0-0: Ball 1-0: SINGLE (Groundball, 3D, EV 104.4 MPH)
|
|
Batting: RHB Hensley Meulens
|
0-0: Ball 1-0: Foul Ball, location: 2F 1-1: Foul Ball, location: 2F 1-2: Strikes out looking
|
| Top of the 8th over - 0 runs, 1 hit, 0 errors, 1 left on base; Boston (CL) 3 - Pittsburgh 10 |
| BOTTOM OF THE 8TH |
|
Pittsburgh Pirates batting - Pitching for Boston (CL) Braves : LHP Martin Perez
|
|
Batting: LHB Barry Zito
|
0-0: Ball 1-0: Swinging Strike 1-1: Ball 2-1: Ground out 4-3 (Groundball, 4, EV 100.6 MPH)
|
|
Batting: LHB Moose McCormick
|
0-0: Ball 1-0: Ball 2-0: Ball 3-0: Base on Balls
|
|
Pitching: LHP Scott Stewart
|
|
|
Batting: RHB Creepy Crespi
|
0-0: Ball 1-0: SINGLE (Line Drive, 7LS, EV 90.6 MPH) Moose McCormick to second
|
|
Batting: LHB Johnny Mize
|
0-0: Ball 1-0: Called Strike 1-1: Ball 2-1: Ball 3-1: Called Strike 3-2: Fly out, F8 (Flyball, 8LD, EV 99.4 MPH)
|
|
Batting: LHB Tommy Griffith
|
0-0: Foul Ball, location: 2F 0-1: Ball 1-1: Fly out, F3 (Popup, 3SF, EV 69.4 MPH)
|
| Bottom of the 8th over - 0 runs, 1 hit, 0 errors, 2 left on base; Boston (CL) 3 - Pittsburgh 10 |
| TOP OF THE 9TH |
|
Boston (CL) Braves batting - Pitching for Pittsburgh Pirates : LHP Barry Zito
|
|
Batting: LHB Ernie Whitt
|
0-0: Ball 1-0: Foul Ball, location: 2F 1-1: Foul Ball, location: 2F 1-2: Ground out 2-3 (Groundball, 2R, EV 69.4 MPH)
|
|
Pinch Hitting: SHB Wally Backman
|
0-0: Called Strike 0-1: Foul Ball, location: 2F 0-2: Ball 1-2: SINGLE (Groundball, 4D, EV 100.0 MPH)
|
|
Batting: LHB Lloyd Moseby
|
0-0: Ball
|
|
|